 Dungeon Crawl Stone Soup version 0.22-a0-406-g9ff8d77 (webtiles) character file.

452 dstrtnsr the Shield-Bearer (level 6, 0/57 HPs)
             Began as a Deep Dwarf Fighter on May 8, 2018.
             Was an Initiate of Makhleb.
             Slain by Prince Ribbit (11 damage)
             ... on level 5 of the Dungeon.
             The game lasted 00:02:19 (1206 turns).

dstrtnsr the Shield-Bearer (Deep Dwarf Fighter)     Turns: 1206, Time: 00:02:20

Health: 0/57       AC:  8    Str: 22    XL:     6   Next: 75%
Magic:  5/5        EV:  7    Int:  8    God:    Makhleb [......]
Gold:   111        SH: 10    Dex: 12    Spells: 5/5 levels left

rFire    . . .     SeeInvis .   a - +0 war axe
rCold    . . .     Gourm    .   c - +0 shield
rNeg     . . .     Faith    .   h - +1 scale mail {MR+}
rPois    .         Spirit   .   (no helmet)
rElec    .         Reflect  .   (no cloak)
rCorr    .         Harm     .   (no gloves)
MR       +....                  (no boots)
Stlth    ..........             (no amulet)
HPRegen  0.00/turn              (no ring)
MPRegen  0.09/turn              (no ring)

@: non-regenerating
A: damage resistance, heal wounds, sense surroundings 1, no regeneration
a: Heal Wounds, Renounce Religion


You were on level 5 of the Dungeon.
You worshipped Makhleb.
Makhleb was noncommittal.
You were not hungry.

You visited 2 branches of the dungeon, and saw 6 of its levels.

You collected 111 gold pieces.

Inventory:

Hand Weapons
 a - a +0 war axe (weapon)
Armour
 b - a +0 scale mail
 c - a +0 shield (worn)
 h - a +1 scale mail of magic resistance (worn)
Scrolls
 g - a scroll of remove curse {unknown}
 j - a scroll of magic mapping {unknown}
 l - 2 scrolls of identify {unknown}
 m - a scroll of enchant weapon {unknown}
Potions
 d - a potion of might
 e - a potion of brilliance {unknown}
 f - 2 potions of curing {unknown}
 i - a potion of flight {unknown}
 n - a potion of agility {unknown}
Comestibles
 k - 6 chunks of flesh
 w - 4 rations {!d}


   Skills:
 + Level 3.9 Fighting
 * Level 4.7 Axes
 + Level 4.7 Armour
 + Level 4.8 Shields
 * Level 2.2 Invocations


You had 5 spell levels left.
You didn't know any spells.

Dungeon Overview and Level Annotations

Branches:
Dungeon (5/15)             Temple (1/1) D:4

Altars:
Ashenzari
Cheibriados
Elyvilon
Gozag
Hepliaklqana
Makhleb
Nemelex Xobeh
Okawaru
Sif Muna
Trog
Vehumet
Yredelemnul
Zin
The Shining One

Shops:
D:4 *(

Annotations:
D:5 Prince Ribbit


Innate Abilities, Weirdness & Mutations

You are resistant to damage.
You can heal yourself by infusing magical energy.
You passively map a small area around you.
You do not regenerate.


Message History

You hit the scorpion but do no damage.
The scorpion is moderately wounded.
Prince Ribbit blinks!
The scorpion stings you.
You slash the scorpion!
The scorpion is almost dead.
Prince Ribbit blinks!
The scorpion stings you but does no damage.
The scorpion completely misses you.
You hit the scorpion.
You kill the scorpion!
Makhleb accepts your kill.
Prince Ribbit catches a centipede with his tongue.
You block Prince Ribbit's attack.
You see here a scorpion corpse.
You barely miss Prince Ribbit. Prince Ribbit hits you!
* * * LOW HITPOINT WARNING * * *
Prince Ribbit hits you.
* * * LOW HITPOINT WARNING * * *
Unknown command.
You feel much better. Prince Ribbit closely misses you.
Your magical essence is drained by the effort!
You feel much better. You block Prince Ribbit's attack.
Prince Ribbit hits you but does no damage.
You miss Prince Ribbit. Prince Ribbit closely misses you.
You block Prince Ribbit's attack.
You completely miss Prince Ribbit. You block Prince Ribbit's attack.
Prince Ribbit hits you!
You hit Prince Ribbit.
Prince Ribbit is lightly wounded.
Prince Ribbit blinks!
Prince Ribbit blinks!
Prince Ribbit barely misses you.
Prince Ribbit blinks!
You hear a distant blaring wail to the northeast.
You hear a shout!
You hear an angry hiss. x2
No target in view!
No target in view!
No target in view!
No target in view!
Prince Ribbit blinks!
Prince Ribbit is too close now for your liking.
A centaur and Prince Ribbit come into view.
There are monsters nearby!
There are monsters nearby!
There are monsters nearby!
The centaur wields a runed shortbow.
It is covered in frost.
The centaur shoots an arrow.
The arrow completely misses you.
Prince Ribbit croaks regally.
The centaur shoots an arrow.
The arrow barely misses you.
You see here an arrow.
Prince Ribbit barely misses you.
The centaur shoots an arrow.
You block the arrow. Prince Ribbit hits you!
You see here an arrow.
You hit Prince Ribbit.
Prince Ribbit is lightly wounded.
The centaur shoots an arrow.
You block the arrow. You block Prince Ribbit's attack.
The centaur shoots an arrow.
The arrow hits you!
* * * LOW HITPOINT WARNING * * *
The arrow freezes you. Prince Ribbit hits you!
* * * LOW HITPOINT WARNING * * *
You are too injured to fight recklessly!
You are too injured to fight recklessly!
You are too injured to fight recklessly!
Unknown command.
Your magical essence is drained by the effort!
You feel much better.
Prince Ribbit hops awkwardly around.
Prince Ribbit hits you but does no damage.
Unknown command.
You slash the centaur!
The centaur is moderately wounded.
You closely miss Prince Ribbit. Prince Ribbit hits you!
The centaur unwields an uncursed shortbow of freezing.
You block the centaur's attack. Prince Ribbit completely misses you.
Unknown command.
You slash the centaur!
The centaur is severely wounded.
You hit Prince Ribbit but do no damage. The centaur hits you.
Prince Ribbit hits you! You block the centaur's attack.
Prince Ribbit blinks!
Unknown command.
You closely miss the centaur.
The centaur is severely wounded.
You block the centaur's attack. The centaur hits you.
Unknown command.
Your shield and scale mail prevent you from hitting the centaur.
The centaur is severely wounded.
The centaur hits you but does no damage. x2
Unknown command.
You slash the centaur!
You kill the centaur!
Makhleb accepts your kill.
Your Invocations skill increases to level 2!
Your shield prevents you from hitting Prince Ribbit.
Prince Ribbit hits you!
* * * LOW HITPOINT WARNING * * *
Prince Ribbit barely misses you.
Unknown command.
Unknown command.
You fail to use your ability.
Prince Ribbit hits you!
You die...

* * ** * * ** * # ,, ,
, #.########* *
#.#......, , ,
#.....#.######### # *
###...#...#.......#.##
.......)....$........>
,
.......@(.............
, *
#####.##F.#.##.##.#.#,
,.........†#.##.# ,# *
.......(....##.##.#,*,
* #####.#...####..#.#
* #.#...........# #..#
*
*#,#########.###.#..#
............#..# , ,,
,, ########.####..#


You could see Prince Ribbit.

Vanquished Creatures
  A phantom (D:4)
  A centaur (D:5)
  A scorpion (D:5)
  An orc priest (D:5)
  A hound (D:3)
  2 worker ants (D:4)
  8 adders
  2 worms
  3 leopard geckos (D:4)
  3 orcs
  A ball python (D:2)
  6 bats
  A giant cockroach (D:3)
  3 goblins (D:2)
  2 hobgoblins
  5 jackals
  4 kobolds
  4 frilled lizards
  6 rats
55 creatures vanquished.

Notes
Turn   | Place    | Note
-------+----------+-------------------------------------------
     0 | D:1      | dstrtnsr the Deep Dwarf Fighter began the quest for the Orb.
     0 | D:1      | Reached XP level 1. HP: 20/20 MP: 1/1
    59 | D:2      | Reached XP level 2. HP: 25/27 MP: 2/2
    87 | D:2      | Reached XP level 3. HP: 29/34 MP: 3/3
   197 | D:2      | Found a faded altar of an unknown god.
   205 | D:2      | Found a hazy altar of Hepliaklqana.
   220 | D:2      | Reached XP level 4. HP: 41/42 MP: 4/4
   441 | D:4      | Found Jilof's General Store.
   442 | D:4      | Noticed a phantom
   480 | D:4      | HP: 11/42 [phantom (6)]
   491 | D:4      | Killed a phantom
   491 | D:4      | Reached XP level 5. HP: 46/49 MP: 5/5
   579 | D:4      | Found Odeuc's Weapon Boutique.
   731 | D:4      | Found a basalt altar of Yredelemnul.
   761 | D:4      | Found a staircase to the Ecumenical Temple.
   770 | Temple   | Entered the Ecumenical Temple
   829 | Temple   | Became a worshipper of Makhleb the Destroyer
   879 | D:4      | Reached XP level 6. HP: 48/57 MP: 6/6
  1093 | D:5      | Entered Level 5 of the Dungeon
  1145 | D:5      | Reached skill level 1 in Invocations
  1176 | D:5      | Noticed Prince Ribbit
  1181 | D:5      | HP: 22/57 [scorpion (1)]
  1185 | D:5      | HP: 9/57 [Prince Ribbit (2)]
  1199 | D:5      | HP: 14/57 [centaur/arrow (9)]
  1199 | D:5      | HP: 4/57 [Prince Ribbit (10)]
  1205 | D:5      | HP: 11/57 [Prince Ribbit (9)]
  1206 | D:5      | Slain by Prince Ribbit

Vault maps used:
D:1:      ncdulo_halloftheorcs, hangedman_abyss_or_decor_stabs
D:2:      lemuel_crystal_altar, chequers_ecumenical_altar_island,
          minmay_misc_feat_cross, minmay_hexomino_r4
D:3:      lemuel_zombie_altar_yredelemnul
D:4:      minmay_temple_entry_butterflies, first_ration, serial_shops,
          nicolae_shop_trees, shop, yredelemnul_altar_generic
D:5:      uniq_grinder, uniq_prince_ribbit1, uniq_blork_the_orc, uniq_ijyb
Temple:   dshaligram_water_room_temple

Skill      XL: |  1  2  3  4  5  6 |
---------------+-------------------+-----
Fighting       | 3 |  3.9
Axes           | 3 4 |  4.7
Armour         | 4 |  4.7
Shields        | 4 |  4.8
Invocations    | 2 |  2.2

Action                   |  1- 3 |  4- 6 || total
-------------------------+-------+-------++-------
Melee: War axe           |    74 |   155 ||   229
 Abil: Heal Wounds       |     1 |     4 ||     5
  Eat: Chunk             |       |     2 ||     2
Armor: Scale mail        |    50 |    79 ||   129
Dodge: Dodged            |    30 |    48 ||    78
Block: Shield            |    50 |    93 ||   143

Table legend:
 A = Spawn XP
 B = Non-spawn XP
 C = Spawn XP percentage of total XP
 D = Spawn monster count
 E = Non-spawn monster count
 F = Spawn count percentage of total count
 G = Total turns spent on level
                    A         B        C        D         E        F      G
               +---------+---------+-------+---------+---------+-------+---------
         Total |       0 |     646 |   0.0 |       0 |      55 |   0.0 |  1206
               +---------+---------+-------+---------+---------+-------+---------
           D:1 |       0 |       2 |   0.0 |       0 |       2 |   0.0 |    50
           D:2 |       0 |     101 |   0.0 |       0 |      25 |   0.0 |   190
           D:3 |       0 |      69 |   0.0 |       0 |       9 |   0.0 |   201
           D:4 |       0 |     228 |   0.0 |       0 |      13 |   0.0 |   583
           D:5 |       0 |     246 |   0.0 |       0 |       6 |   0.0 |   113
               +---------+---------+-------+---------+---------+-------+---------
